AoeStats
← XxRauwAlejandroxX

Black Forest

509754139Analyzed
4v4 RM · 4d ago on Sep 27, 2026· 69m 34s· 8 players
Game mode
Random Map
Map size
Large (8 player)
Population
200
Speed
Normal
Resources
Standard
Victory
Conquest
Starting age
Dark Age
Ending age
Imperial Age
RankedLock teamsTeams togetherTeam positionsShared explorationLock speedFull tech treeHidden civsTurbo modeCheats
Victory
Defeat
🇪🇨 Maya · Ecuador
932
+13
🇦🇷 Magyars · Argentina
910
+14
🇨🇱 Georgians · Chile
903
+14
🇮🇳 Vietnamese · India
853
+16
🇨🇴 Khmer · Colombia
961
-18
🇲🇽 Persians · Mexico
851
-14
🇲🇽 Spanish · Mexico
850
-14
🇨🇴 Berbers · Colombia
787
-11
gg
0:55 Loom
16:34 Feudal Age
21:33 Double-Bit Axe
24:02 Castle Age
28:39 Scale Barding Armor
28:46 Forging
28:37 Scale Mail Armor
29:13 Bloodlines
29:04 Husbandry
34:48 Chain Barding Armor
43:34 Pikeman
44:05 Pikeman
47:52 Chain Mail Armor
48:13 Iron Casting
49:44 Gold Mining
56:25 Wheelbarrow
55:35 Town Watch
60:05 Imperial Age
58:09 Caravan
60:23 Heavy Camel Rider
62:40 Plate Barding Armor
66:44 Chemistry
66:04 Ballistics
Ryukuro-Tsubarashi
0:31 Loom
15:11 Feudal Age
23:52 Castle Age
22:45 Stone Mining
22:46 Double-Bit Axe
26:58 Horse Collar
35:04 Wheelbarrow
37:42 Stone Shaft Mining
43:54 Imperial Age
42:50 Pikeman
43:18 Arson
44:26 Halberdier
47:06 Forging
49:20 Gold Mining
51:54 Conscription
52:26 Iron Casting
54:26 Gold Shaft Mining
54:13 Scale Mail Armor
56:57 Double Crossbow
64:11 Blast Furnace
65:04 Bow Saw
Ryoga
0:55 Loom
12:07 Feudal Age
13:30 Wheelbarrow
12:46 Double-Bit Axe
13:46 Horse Collar
14:02 Fishing Lines
24:05 Castle Age
23:49 Stone Mining
23:54 Gold Mining
25:14 Gillnets
26:29 Stone Shaft Mining
28:03 Bow Saw
30:15 Scale Barding Armor
30:11 Scale Mail Armor
30:21 Forging
31:10 Hand Cart
31:28 Masonry
31:14 Murder Holes
31:41 Ballistics
33:43 Iron Casting
33:24 Chain Mail Armor
33:29 Chain Barding Armor
33:10 Padded Archer Armor
33:01 Fletching
33:50 Caravan
37:45 Imperial Age
35:01 Town Watch
35:36 Guard Tower
37:19 Town Patrol
38:37 Inquisition
39:59 Two-Man Saw
38:52 Arson
39:07 Squires
38:28 Pikeman
39:55 Onager
41:03 Supremacy
41:03 Conscription
40:10 Elite Conquistador
41:04 Husbandry
41:15 Bloodlines
40:25 Cavalier
40:25 Light Cavalry
41:49 Plate Barding Armor
41:45 Plate Mail Armor
42:15 Blast Furnace
41:11 Bodkin Arrow
41:31 Leather Archer Armor
41:38 Heavy Plow
41:38 Halberdier
44:57 Chemistry
44:27 Architecture
43:58 Paladin
43:59 Hussar
46:06 Leather Archer Armor
49:37 Hoardings
49:40 Ring Archer Armor
49:11 Bracer
49:01 Arrowslits
49:52 Keep
67:34 Elite Skirmisher
XxRauwAlejandroxX
1:21 Loom
12:28 Feudal Age
13:37 Wheelbarrow
12:43 Horse Collar
12:52 Double-Bit Axe
17:32 Gold Mining
18:50 Stone Mining
21:17 Castle Age
22:14 Hand Cart
22:06 Heavy Plow
22:19 Bow Saw
26:04 Stone Shaft Mining
31:57 Kamandaran
31:50 Crossbowman
33:04 Caravan
36:49 Imperial Age
34:09 Town Watch
35:41 Thumb Ring
36:10 Coinage
36:01 Fervor
36:06 Masonry
37:03 Ballistics
36:41 Murder Holes
37:02 Fletching
37:12 Padded Archer Armor
37:13 Scale Mail Armor
37:24 Forging
37:21 Scale Barding Armor
37:34 Guilds
37:55 Banking
36:49 Light Cavalry
37:39 Bloodlines
37:30 Husbandry
38:33 Crop Rotation
39:07 Two-Man Saw
38:46 Gold Shaft Mining
38:02 Cavalier
39:12 Conscription
39:00 Bodkin Arrow
40:20 Chemistry
41:24 Leather Archer Armor
41:26 Chain Mail Armor
41:47 Iron Casting
41:32 Chain Barding Armor
44:14 Ring Archer Armor
44:15 Plate Mail Armor
43:09 Savar
50:01 Heavy Camel Rider
52:03 Onager
sebchenko34
0:31 Loom
2:25 Loom
10:33 Feudal Age
11:03 Double-Bit Axe
16:14 Horse Collar
18:49 Castle Age
18:15 Gold Mining
19:57 Wheelbarrow
20:26 Bow Saw
26:26 Fletching
26:53 Heavy Plow
28:20 Caravan
29:17 Hand Cart
28:56 Stone Mining
33:34 Imperial Age
30:53 Eagle Warrior
31:35 Squires
31:50 Treadmill Crane
32:30 Ballistics
31:34 Pikeman
32:21 Thumb Ring
33:10 Stone Shaft Mining
32:53 Bodkin Arrow
33:08 Forging
32:59 Padded Archer Armor
35:34 Chemistry
34:07 Elite Plumed Archer
35:16 Conscription
35:45 Guilds
36:40 Two-Man Saw
36:16 Crop Rotation
36:53 Coinage
35:49 Halberdier
36:55 Bracer
37:12 Leather Archer Armor
38:24 Iron Casting
38:12 Elite Eagle Warrior
40:00 Holcans
39:34 Scale Mail Armor
40:49 Banking
40:14 Arson
41:33 Blast Furnace
41:03 Ring Archer Armor
40:43 Onager
41:48 Chain Mail Armor
44:56 Plate Mail Armor
45:41 Masonry
68:54 Architecture
68:14 Heated Shot
SSC LyonM
11:22 Feudal Age
18:25 Castle Age
21:58 Loom
27:27 Double-Bit Axe
27:41 Gold Mining
27:44 Stone Mining
28:33 Wheelbarrow
28:41 Fervor
30:37 Scale Barding Armor
33:50 Imperial Age
32:18 Husbandry
32:28 Bloodlines
31:48 Pikeman
31:54 Pikeman
32:20 Arson
33:30 Chain Barding Armor
33:21 Forging
35:11 Hand Cart
34:42 Town Watch
35:35 Plate Barding Armor
35:25 Cavalier
37:55 Iron Casting
37:12 Fletching
38:22 Caravan
40:59 Blast Furnace
46:07 Town Patrol
47:53 Coinage
47:33 Guilds
48:35 Halberdier
49:16 Squires
51:11 Banking
51:28 Gambesons
51:29 Capped Ram
52:42 Aznauri Cavalry
53:00 Conscription
53:25 Elite Monaspa
54:12 Siege Ram
55:28 Heavy Scorpion
57:14 Redemption
57:40 Theocracy
57:01 Herbal Medicine
57:21 Block Printing
57:07 Devotion
57:27 Sanctity
56:58 Onager
60:57 Siege Onager
65:11 Scale Mail Armor
LaRBiaN
0:41 Loom
14:51 Feudal Age
22:15 Horse Collar
22:25 Double-Bit Axe
29:59 Castle Age
27:54 Fletching
27:59 Stone Mining
28:04 Gold Mining
29:23 Scale Barding Armor
29:55 Padded Archer Armor
31:21 Wheelbarrow
32:49 Town Watch
38:39 Imperial Age
35:41 Elite Skirmisher
39:07 Bow Saw
49:38 Onager
54:59 Hand Cart
55:56 Conscription
56:05 Corvinian Army
57:07 Elite Magyar Huszar
58:43 Chain Barding Armor
59:22 Pikeman
59:48 Arson
59:37 Sappers
60:48 Hoardings
60:38 Bodkin Arrow
60:12 Halberdier
62:13 Recurve Bow
62:21 Husbandry
62:56 Bracer
62:53 Heavy Cavalry Archer
64:54 Leather Archer Armor
65:54 Parthian Tactics
66:08 Ring Archer Armor
68:03 Ballistics
68:03 Thumb Ring
69:38 Scale Mail Armor
70:42 Chemistry
70:07 Bloodlines
french_fires
1:23 Loom
12:01 Feudal Age
13:47 Wheelbarrow
18:14 Castle Age
17:11 Town Watch
17:48 Double-Bit Axe
17:48 Fishing Lines
18:24 Padded Archer Armor
21:04 Hand Cart
21:24 Bow Saw
26:36 Stone Mining
26:36 Gold Mining
29:04 Horse Collar
29:36 Forging
29:43 Leather Archer Armor
29:18 Fletching
32:00 Town Patrol
32:07 Gillnets
35:53 Imperial Age
33:31 Scale Barding Armor
35:08 Thumb Ring
34:23 Elite Skirmisher
35:23 Husbandry
35:33 Bloodlines
35:27 Chatras
35:55 Light Cavalry
36:56 Bodkin Arrow
37:32 Ring Archer Armor
37:38 Iron Casting
37:24 Chain Barding Armor
36:36 Imperial Skirmisher
39:33 Paper Money
38:33 Elite Rattan Archer
41:04 Caravan
41:55 Stone Shaft Mining
40:52 Elite Battle Elephant
42:30 Capped Ram
43:24 Bracer
44:16 Plate Barding Armor
57:45 Pikeman
58:28 Halberdier
59:09 Squires
58:54 Arson
59:12 Scale Mail Armor
59:40 Heavy Plow
60:28 Chain Mail Armor
Connection lost

Rejoining the realm…

Still unreachable

The connection could not be restored.

Session expired

The server has moved on; the page needs a fresh start.